 Dungeon Crawl Stone Soup version 0.29.1-12-g30fa7ad0bf (webtiles) character file.

Game seed: 13725588488391848587

2 hawla the Chiller (level 1, -5/14 HPs)
             Began as a Meteoran Ice Elementalist on Dec 24, 2022.
             Killed from afar by a dart slug (6 damage)
             ... with a slug dart
             ... on level 3 of the Dungeon.
             The game lasted 00:00:29 (59 turns).

hawla the Chiller (Meteoran Ice Elementalist)         Turns: 59, Time: 00:00:30

Health: -5/14      AC:  2    Str:  9    XL:     1   Next: 57%
Magic:  3/5        EV: 12    Int: 16    God:
Gold:   23         SH:  0    Dex: 14    Spells: 4/5 levels left

rFire   . . .      SeeInvis .   c - +0 dagger (venom)
rCold   . . .      Faith    .   (no shield)
rNeg    . . .      Spirit   .   a - +0 robe
rPois   .          Reflect  .   (no helmet)
rElec   .          Harm     .   (no cloak)
rCorr   .          Rampage  .   (no gloves)
Will    .....                   (no boots)
Stlth   +.........              (no amulet)
HPRegen 0.04/turn               (no ring)
MPRegen 0.09/turn               (no ring)

@: glowing
A: sense surroundings 1, otherworldly, glowing, explore regen
a: no special abilities


You were on level 3 of the Dungeon.
You visited 1 branch of the dungeon, and saw 3 of its levels.

You collected 23 gold pieces.

Inventory:

Hand Weapons
 c - a +0 dagger of venom (weapon)
Armour
 a - a +0 robe (worn)
Potions
 b - a potion of magic


   Skills:
 + Level 2.4 Dodging
 - Level 1.4 Stealth
 + Level 2.7 Spellcasting
 + Level 4.5 Ice Magic


You had 4 spell levels left.
You knew the following spells:

 Your Spells              Type           Power      Damage    Failure   Level
a - Freeze                Ice            64%        1d8       3%          1

Your spell library contained the following spells:

 Spells                   Type           Power      Damage    Failure   Level
 Frozen Ramparts          Ice            32%        1d5       9%          3
 Ozocubu's Armour         Ice            16%        N/A       9%          3
 Hailstorm                Conj/Ice       9%         3d4       58%         4


Dungeon Overview and Level Annotations

Branches:
Dungeon (3/15) Zot: 1741

Altars:
Trog


Innate Abilities, Weirdness & Mutations

You passively map a small area around you.
You are easily found by Zot.
You glow in the dark.
You regain HP and MP as you explore.


Message History

Aim: an orc, wielding a +0 dagger of venom and quivering boomerangs (severely wounded)
You freeze the orc!
You kill the orc!
Things that are here:
a +0 dagger of venom; a boomerang; an orc corpse Your +0 dagger of venom begins to drip with poison!
c - a +0 dagger of venom (weapon)
Setting a skill training target for Short Blades at 10.0.
Magic restored.
A dart slug comes into view.
An orc comes into view. It is wielding a +0 hand axe.
Found a bloodstained altar of Trog.
The dart slug launches a dart at you. The slug dart hits you.
You hit the dart slug but do no damage.
The orc shouts!
You hear a shout!
You completely miss the dart slug. The dart slug launches a dart at you.
The slug dart hits you. The orc attacks as you move away!
The orc hits you with a +0 hand axe. The orc attacks as you move away!
The orc barely misses you.
Casting: Freeze (safe; 3% risk of failure)
Confirm with . or Enter, or press ? or * to list all spells.
Aiming: Freeze (safe; 3% risk of failure)
Press: ? - help, Shift-Dir - straight line, f - orc
Aim: an orc, wielding a +0 hand axe and quivering boomerangs You freeze the orc.
The orc is almost dead.
The orc hits you with a +0 hand axe.
* * * LOW HITPOINT WARNING * * *
Casting: Freeze (safe; 3% risk of failure)
Confirm with . or Enter, or press ? or * to list all spells.
Aiming: Freeze (safe; 3% risk of failure)
Press: ? - help, Shift-Dir - straight line, f/p - orc
Aim: an orc, wielding a +0 hand axe and quivering boomerangs (almost dead)
You freeze the orc.
You kill the orc!
The dart slug launches a dart at you. The slug dart hits you.
You die...

, ##.##.## *
, ##.##.# *
,, ,#..##.# ,
*
#######.....#
#...........#
#...........#
#.#######...#
#..### * #@##
, #)# ** , *
#w# ,
,_.......# *
..####..#
##.# #.# *..#
* * .##


You could see a dart slug.

Vanquished Creatures
  2 orcs (D:3)
  A rat (D:2)
3 creatures vanquished.

Notes
Turn   | Place    | Note
-------+----------+-------------------------------------------
     0 | D:1      | hawla the Meteoran Ice Elementalist began the quest for the
                  | Orb.
     0 | D:1      | Reached XP level 1. HP: 14/14 MP: 5/5
    53 | D:3      | Found a bloodstained altar of Trog.
    59 | D:3      | Killed from afar by a dart slug

Illustrated notes

Levels and vault maps discovered:
D:1:      minmay_arrival_jagged, layout_rooms,
          shapermc_ecumenical_altar_mp_vishouse
D:2:      layout_basic, uniq_terence
D:3:      layout_rooms, nicolae_overflow_crystal_walls,
          minmay_misc_feat_encased, kennysheep_generic_room_6, uniq_jessica,
          uniq_crazy_yiuf_cottage

Action                   || total
-------------------------++-------
Melee: Dagger            ||     2
 Cast: Freeze            ||     5
Dodge: Dodged            ||     2
